cohdb
Replays
Latest Replays
All Replays
Popular Replays
Top Player Replays
Match Explorer
How It Works
Community
CoH3 Stats
Reddit
Sign in to upload your games and track your stats! →
Sign in with Steam
Match 45581171
Unlisted
Match 45581171
Overview
Messages
Build Orders
End
Kettenkrad Recon Vehicle
Construct Infanterie Kompanie
Grenadier Squad
MG 42 Machine Gun Team
MG 42 Machine Gun Team
MG 42 Machine Gun Team
Construct Panzergrenadier Kompanie
251 Medium Carrier
Pak 40 Anti-tank Gun Team
251 Medium Carrier
Panzergrenadier Squad
AI Takeover
High Voltage
EVILUTION
不会玩游戏只会起盖子
ionwood
Fhilly
Vadice
gentle ben
lanyangyang
0
0
Comments
sign in to comment!
No comments posted yet!